 Dungeon Crawl Stone Soup version 0.27-a0-1196-g3e9cee4cb2 (webtiles) character file.

Game seed: 13332145787195461915

33 HalberdGnoll the Magician (level 3, 0/15 HPs)
             Began as a Felid Wanderer on May 29, 2021.
             Killed by divine providence
             ... invoked by an orc priest
              (15 damage)
             ... on level 3 of the Dungeon.
             The game lasted 00:23:10 (5321 turns).

HalberdGnoll the Magician (Felid Wanderer)          Turns: 5321, Time: 00:23:11

Health: 0/15       AC:  1    Str: 16    XL:     3   Next: 12%
Magic:  7/8        EV: 16    Int: 15    God:
Gold:   152        SH:  0    Dex: 12    Spells: 3/8 levels left
                                        Lives:  0   Deaths: 1

rFire    . . .     SeeInvis +     - Unarmed
rCold    . . .     Faith    .   (shield unavailable)
rNeg     . . .     Spirit   .   (armour unavailable)
rPois    .         Reflect  .   (helmet unavailable)
rElec    .         Harm     .   (cloak unavailable)
rCorr    .         Rampage  .   (gloves unavailable)
Will     +....                  (boots unavailable)
Stlth    ++........             (no amulet)
HPRegen  0.05/turn              e - ring of willpower
MPRegen  0.11/turn              h - +6 ring of strength

@: quick
A: very small, claws 1, fangs 3, see invisible, speed 1, shaggy fur 1, stealthy
paws, no weapons or thrown items, no armour, multi-lived
a: no special abilities


You were on level 3 of the Dungeon.
You visited 1 branch of the dungeon, and saw 3 of its levels.

You collected 152 gold pieces.

Inventory:

Jewellery
 e - a ring of willpower (left paw)
 h - a +6 ring of strength (right paw)
 j - a ring of resist corrosion
Scrolls
 a - 2 scrolls of identify
 b - a scroll of blinking
 f - a scroll of amnesia
 g - a scroll of immolation
Potions
 c - a potion of lignification
 d - 2 potions of flight
 i - a potion of mutation


   Skills:
 - Level 1.0 Fighting
 + Level 1.5 Dodging
 + Level 3.1 Stealth
 - Level 2.0 Unarmed Combat
 + Level 3.1 Spellcasting
 + Level 1.3 Conjurations
 - Level 1.5 Hexes
 - Level 2.0 Summonings
 - Level 1.0 Air Magic
 - Level 1.1 Evocations


You had 3 spell levels left.
You knew the following spells:

 Your Spells              Type           Power      Damage    Failure   Level
a - Magic Dart            Conj           24%        1d4       12%         1
b - Call Imp              Summ           8%         N/A       13%         2
c - Slow                  Hex            6%         N/A       16%         2

Your spell library contained the following spells:

 Spells                   Type           Power      Damage    Failure   Level
 Pain                     Necr           8%         1d4       21%         1
 Blink                    Tloc           N/A        N/A       30%         2
 Conjure Flame            Conj/Fire      4%         6-21      41%         3
 Mephitic Cloud           Conj/Pois/Air  4%         N/A       41%         3
 Vampiric Draining        Necr           1%         2d6       52%         3


Dungeon Overview and Level Annotations

Branches:
Dungeon (3/15)

Altars:
Makhleb

Shops:
D:1 (   D:3 *

Annotations:
D:3 Jessica


Innate Abilities, Weirdness & Mutations

You have sharp claws.
You have razor-sharp teeth.
You have supernaturally acute eyesight. (SInv)
You cover ground quickly. (Speed+)
You are covered in fur. (AC +1)
Your paws help you pounce on unaware monsters.
You are incapable of wielding weapons or throwing items.
You cannot wear armour.
You gain extra lives every three experience levels.


Message History

The orc priest hits your white imp with a +0 hand axe.
Your white imp dies!
Your crimson imp blinks!
The orc priest invokes the aid of Beogh against you.
Beogh smites you!
Ouch! That really hurt!
Your crimson imp hits the orc priest but does no damage.
Your crimson imp barely misses the orc priest.
The orc priest invokes the aid of Beogh against you.
Beogh smites you!
Ouch! That really hurt!
You die...
You are now level 3!
You rejoin the land of the living...
Things that are here:
a +0 hand axe; a +0 leather armour; a +0 club Your crimson imp hits the orc priest but does no damage.
The orc priest hits your crimson imp with a +0 hand axe.
An orc priest is nearby!
Casting: Call Imp (safe; 13% risk of failure)
Confirm with . or Enter, or press ? or * to list all spells.
A beastly little devil appears in a puff of frigid air.
Your crimson imp hits the orc priest.
The orc priest hits your crimson imp with a +0 hand axe.
You swap places.
Your crimson imp disappears in a puff of smoke!
What are your orders? t - Meow!
Orders for allies: a - Attack new target. r - Retreat! s - Stop attacking. g - Guard the area. f - Follow me.
Anything else - Cancel.
Gang up on whom?
Press: ? - help, Dir - move target, f - orc priest
Aim: an orc priest, wielding a +0 hand axe and wearing a +0 ring mail (lightly wounded, ally target) Attack!
The orc priest mumbles some strange prayers to Beogh against you.
Beogh smites you!
Ouch! That really hurt!
You die...

#.######## #.###.....#.
#........# #.##.....5o5
########.# #.#........§ #>#
#.#........# #.# #.#†#.....##
#######.#### #.#.##....#
#..........## ##.#.#####.##
#.#####.....#####.5o.##......
#.##........@.5).....##......
#)##.#.......#.##...###......
#.##.#.#...#.#.###.......(...
#.##.#.......#.# #####.......
#(##.#.......#.# #........
#.##.#.......#.# ##.....<.
#.##.#.#...#.#.# #.######
#....#.......#.# #.#
####.##.....##.# #.#


You could see an orc priest (ally target), a friendly crimson imp (summoned) and
a friendly white imp (summoned).

Vanquished Creatures
  2 dart slugs
  2 orcs (D:3)
  6 ball pythons
  An endoplasm (D:1)
  2 giant cockroaches (D:1)
  7 hobgoblins
  A kobold (D:1)
  3 quokkas
  5 bats
  3 frilled lizards
  5 goblins
  A rat (D:1)
38 creatures vanquished.

Vanquished Creatures (collateral kills)
  An orc priest (D:3)
  An adder (D:2)
  A white imp (D:3)
  3 orcs (D:3)
6 creatures vanquished.

Vanquished Creatures (others)
  16 plants (D:1)
16 creatures vanquished.

Grand Total: 60 creatures vanquished

Notes
Turn   | Place    | Note
-------+----------+-------------------------------------------
     0 | D:1      | HalberdGnoll the Felid Wanderer began the quest for the
                  | Orb.
     0 | D:1      | HalberdGnoll set off with the following items: a potion of
                  | lignification; and the following spells available to
                  | memorise: Slow, Magic Dart, Pain, Blink, Call Imp, Mephitic
                  | Cloud, Conjure Flame, Vampiric Draining
     0 | D:1      | Reached XP level 1. HP: 9/9 MP: 5/5
     2 | D:1      | Learned a level 1 spell: Magic Dart
   270 | D:1      | Found Rottusus's Weapon Boutique.
   534 | D:1      | Reached skill level 1 in Conjurations
   534 | D:1      | Reached XP level 2. HP: 12/12 MP: 1/7
   589 | D:1      | Learned a level 2 spell: Call Imp
  1075 | D:1      | Reached skill level 1 in Summonings
  1973 | D:2      | Reached XP level 3. HP: 15/15 MP: 5/8
  2285 | D:2      | Learned a level 2 spell: Slow
  2849 | D:2      | Found a burning altar of Makhleb.
  3370 | D:3      | Reached skill level 1 in Dodging
  3482 | D:3      | Noticed Jessica
  3853 | D:3      | Found Odif's Assorted Antiques.
  4146 | D:3      | Reached XP level 4. HP: 19/19 MP: 3/9
  5301 | D:3      | Killed from afar by an orc priest
  5302 | D:3      | Reached XP level 3. HP: -7/15 MP: 4/8
  5321 | D:3      | Killed from afar by an orc priest

Illustrated notes

Levels and vault maps discovered:
D:1:      minmay_arrival_cross, layout_basic, serial_shops, shop_fountains,
          serial_bayou_lake_a
D:2:      layout_basic, basic_altar, serial_rivers,
          chequers_serial_rivers_room_b, chequers_serial_rivers_room_a,
          chequers_serial_rivers_marsh, chequers_serial_rivers_micro_e
D:3:      cheibrodos_pilgrimage, layout_loops_ring, serial_shops, shop,
          uniq_jessica

Skill      XL: |  1  2  3 |
---------------+----------+-----
Conjurations   | 1 |  1.3
Stealth        | 2 3 |  3.1
Summonings     | 1 2 |  2.0
Dodging        | 1 |  1.5
Fighting       | |  1.0
Unarmed Combat | |  2.0
Spellcasting   | |  3.1
Hexes          | |  1.5
Air Magic      | |  1.0
Evocations     | |  1.1

Action                   |  1- 3 |  4- 6 || total
-------------------------+-------+-------++-------
Melee: Unarmed           |     8 |       ||     8
       Bite              |     1 |       ||     1
 Cast: Magic Dart        |   128 |    27 ||   155
       Call Imp          |    12 |    12 ||    24
  Use: Scroll            |     8 |       ||     8
Armor: Skin              |     3 |       ||     3
Dodge: Dodged            |    39 |     1 ||    40

Table legend: (Time is in decaauts)
 A = Elapsed time spent in this place.
 B = Non-inter-level travel time spent in this place.
 C = Inter-level travel time spent in this place.
 D = Time resting spent in this place.
 E = Time spent auto-exploring this place.
 F = Levels seen in this place.
 G = Mean time per level.
                   A        B        C        D        E       F      G
               +--------+--------+--------+--------+--------+-----+--------+
         Total |   4817 |   4378 |    439 |   1234 |   2311 |   3 | 1605.7 |
       Dungeon |   4817 |   4378 |    439 |   1234 |   2311 |   3 | 1605.7 |
               +--------+--------+--------+--------+--------+-----+--------+

Top non-repeatable levels by time:
     D:1: 1738 daAuts
     D:3: 1549 daAuts
     D:2: 1528 daAuts
